SAA
ASHEVILLE HIGHLANDERS @ YAKIMA HOPS
07/17/2023
 
TOP OF THE 1ST
Asheville Highlanders batting - Pitching for Yakima Hops : RHP Curt Tate
Pitching: RHP Curt Tate
Batting: RHB Raúl Ortíz 0-0: Foul Ball, location: 2F
0-1: Foul Ball, location: 2F
0-2: Ground out 5-3 (Groundball, 5)
Batting: SHB Craig Barnes 0-0: SINGLE (Flyball, 7S)
Batting: RHB Paco Vásquez 0-0: Called Strike
0-1: SINGLE (Line Drive, 6MD)
Craig Barnes to second
Batting: RHB Thomas Morris 0-0: Ball
1-0: Foul Ball, location: 2F
1-1: Ball
2-1: Called Strike
2-2: Strikes out looking
Batting: RHB Bryce Bancroft 0-0: Ball
1-0: Foul Ball, location: 2F
1-1: Ball
2-1: Called Strike
2-2: Ball
3-2: Fly out, F3 (Line Drive, 3L)
Top of the 1st over - 0 run(s), 2 hit(s), 0 error(s), 2 left on base; Asheville 0 - Yakima 0
BOTTOM OF THE 1ST
Yakima Hops batting - Pitching for Asheville Highlanders : RHP Santiago Paez
Pitching: RHP Santiago Paez
Batting: RHB Abraham Jacobs 0-0: Ball
1-0: Ball
2-0: Ground out 1-3 (Groundball, 23)
Batting: RHB Simon Yusaf Khel 0-0: SINGLE (Line Drive, 78S)
Batting: RHB Júlio Molina 0-0: Called Strike
Simon Yusaf Khel is caught stealing 2nd base
0-1: Called Strike
0-2: Ball
1-2: Ball
2-2: Ball
3-2: Ground out 3-4 (Groundball, 3S)
Bottom of the 1st over - 0 run(s), 1 hit(s), 0 error(s), 0 left on base; Asheville 0 - Yakima 0
TOP OF THE 2ND
Asheville Highlanders batting - Pitching for Yakima Hops : RHP Curt Tate
Batting: SHB Gonzalo Valentín 0-0: Foul Ball, location: 2F
0-1: Called Strike
0-2: Ball
1-2: Strikes out looking
Batting: RHB Eduardo Checchinato 0-0: Ground out U3 (Groundball, 3S)
Batting: RHB Víctor López 0-0: Ball
1-0: Ball
2-0: Foul Ball, location: 2F
2-1: Ground out 6-3 (Groundball, 6)
Top of the 2nd over - 0 run(s), 0 hit(s), 0 error(s), 0 left on base; Asheville 0 - Yakima 0
BOTTOM OF THE 2ND
Yakima Hops batting - Pitching for Asheville Highlanders : RHP Santiago Paez
Batting: SHB Esteban Lugo 0-0: Ball
1-0: Foul Ball, location: 2F
1-1: Ball
2-1: Fly out, F7 (Popup, 7S)
Batting: RHB Edgar García 0-0: Swinging Strike
0-1: Ball
1-1: Fly out, F8 (Flyball, 8RM)
Batting: RHB Vicente Rodríguez 0-0: Foul Ball, location: 2F
0-1: Swinging Strike
0-2: Ball
1-2: Strikes out swinging
Bottom of the 2nd over - 0 run(s), 0 hit(s), 0 error(s), 0 left on base; Asheville 0 - Yakima 0
TOP OF THE 3RD
Asheville Highlanders batting - Pitching for Yakima Hops : RHP Curt Tate
Batting: RHB José Rivera 0-0: Swinging Strike
0-1: Foul Ball, location: 2F
0-2: Strikes out swinging
Batting: RHB Raúl Ortíz 0-0: Ball
1-0: Ground out 4-3 (Groundball, 4M)
Batting: SHB Craig Barnes 0-0: Called Strike
0-1: Foul Ball, location: 2F
0-2: Foul Ball, location: 2F
0-2: Strikes out swinging
Top of the 3rd over - 0 run(s), 0 hit(s), 0 error(s), 0 left on base; Asheville 0 - Yakima 0
BOTTOM OF THE 3RD
Yakima Hops batting - Pitching for Asheville Highlanders : RHP Santiago Paez
Batting: RHB William Miles 0-0: Foul Ball, location: 2F
0-1: Fly out, F7 (Flyball, 78M)
Batting: RHB Manuel Martínez 0-0: Fly out, F3 (Popup, 13)
Batting: RHB Lenny Roper 0-0: Ground out 6-3 (Groundball, 6)
Bottom of the 3rd over - 0 run(s), 0 hit(s), 0 error(s), 0 left on base; Asheville 0 - Yakima 0
TOP OF THE 4TH
Asheville Highlanders batting - Pitching for Yakima Hops : RHP Curt Tate
Batting: RHB Paco Vásquez 0-0: Foul Ball, location: 2F
0-1: Hit by Pitch
Batting: RHB Thomas Morris 0-0: SINGLE (Line Drive, 4MD)
Paco Vásquez to second
Batting: RHB Bryce Bancroft 0-0: Fly out, F4 (Popup, 4)
Batting: SHB Gonzalo Valentín 0-0: Foul Ball, location: 2F
0-1: Called Strike
0-2: Foul Ball, location: 2F
0-2: Strikes out swinging
Batting: RHB Eduardo Checchinato 0-0: Ball
1-0: Called Strike
1-1: Foul Ball, location: 2F
1-2: Ball
2-2: Strikes out swinging
Top of the 4th over - 0 run(s), 1 hit(s), 0 error(s), 2 left on base; Asheville 0 - Yakima 0
BOTTOM OF THE 4TH
Yakima Hops batting - Pitching for Asheville Highlanders : RHP Santiago Paez
Batting: RHB Abraham Jacobs 0-0: Ball
1-0: SINGLE (Line Drive, 6D)
Batting: RHB Simon Yusaf Khel 0-0: Ball
1-0: Foul Ball, location: 2F
1-1: Ball
2-1: Swinging Strike
2-2: Foul Ball, location: 2F
2-2: Grounds into double play, 5-4-3 (Groundball, 5)
Batting: RHB Júlio Molina 0-0: Called Strike
0-1: Swinging Strike
0-2: Fly out, F5 (Line Drive, 5)
Bottom of the 4th over - 0 run(s), 1 hit(s), 0 error(s), 0 left on base; Asheville 0 - Yakima 0
TOP OF THE 5TH
Asheville Highlanders batting - Pitching for Yakima Hops : RHP Curt Tate
Batting: RHB Víctor López 0-0: Ground out 6-3 (Groundball, 6)
Batting: RHB José Rivera 0-0: Ball
1-0: Called Strike
1-1: Ball
2-1: Swinging Strike
2-2: Strikes out swinging
Batting: RHB Raúl Ortíz 0-0: Ball
1-0: SINGLE (Groundball, 34D)
Batting: SHB Craig Barnes 0-0: Called Strike
0-1: Ground out 5-3 (Groundball, 5L)
Top of the 5th over - 0 run(s), 1 hit(s), 0 error(s), 1 left on base; Asheville 0 - Yakima 0
BOTTOM OF THE 5TH
Yakima Hops batting - Pitching for Asheville Highlanders : RHP Santiago Paez
Batting: SHB Esteban Lugo 0-0: Ball
1-0: Ball
2-0: Ball
3-0: Called Strike
3-1: Foul Ball, location: 2F
3-2: SINGLE (Groundball, 4MD)
Batting: RHB Edgar García 0-0: Ball
1-0: Ball
2-0: Called Strike
2-1: Ball
3-1: Swinging Strike
3-2: Base on Balls
Esteban Lugo to second
Batting: RHB Vicente Rodríguez 0-0: Bunted foul
0-1: Bunt - Flyout! F1
Batting: RHB William Miles 0-0: Ball
1-0: Foul Ball, location: 2F
1-1: Grounds into double play, 5-4-3 (Groundball, 56)
Bottom of the 5th over - 0 run(s), 1 hit(s), 0 error(s), 1 left on base; Asheville 0 - Yakima 0
TOP OF THE 6TH
Asheville Highlanders batting - Pitching for Yakima Hops : RHP Curt Tate
Batting: RHB Paco Vásquez 0-0: Ball
1-0: Called Strike
1-1: Swinging Strike
1-2: Strikes out swinging
Batting: RHB Thomas Morris 0-0: Hit by Pitch
Batting: RHB Bryce Bancroft 0-0: Ball
1-0: Foul Ball, location: 2F
1-1: SINGLE (Groundball, 4)
Thomas Morris to second
Runner from 2nd tries for 3rd, SAFE, no throw or cutoff
Batting: SHB Gonzalo Valentín 0-0: Ball
1-0: Ball
2-0: Called Strike
2-1: Swinging Strike
2-2: Ball
3-2: SINGLE (Groundball, 34D)
Thomas Morris scores
Bryce Bancroft to second
Throwing error, E9
Bryce Bancroft scores
Gonzalo Valentín to second
Batting: RHB Eduardo Checchinato 0-0: Called Strike
0-1: Ground out 1-3 (Groundball, 25)
Batting: RHB Víctor López 0-0: Ball
1-0: Fly out, F7 (Flyball, 78M)
Top of the 6th over - 2 run(s), 2 hit(s), 1 error(s), 1 left on base; Asheville 2 - Yakima 0
BOTTOM OF THE 6TH
Yakima Hops batting - Pitching for Asheville Highlanders : RHP Santiago Paez
Batting: RHB Manuel Martínez 0-0: Foul Ball, location: 2F
0-1: Swinging Strike
0-2: Strikes out swinging
Batting: RHB Lenny Roper 0-0: Called Strike
0-1: Ground out U3 (Groundball, 3L)
Batting: RHB Abraham Jacobs 0-0: Swinging Strike
0-1: Ball
1-1: Ball
2-1: Ball
3-1: Base on Balls
Batting: RHB Simon Yusaf Khel 0-0: Called Strike
0-1: Foul Ball, location: 2F
0-2: Fly out, F9 (Flyball, 89M)
Bottom of the 6th over - 0 run(s), 0 hit(s), 0 error(s), 1 left on base; Asheville 2 - Yakima 0
TOP OF THE 7TH
Asheville Highlanders batting - Pitching for Yakima Hops : RHP Curt Tate
Batting: RHB José Rivera 0-0: Ball
1-0: Called Strike
1-1: Called Strike
1-2: Strikes out swinging
Batting: RHB Raúl Ortíz 0-0: Called Strike
0-1: Foul Ball, location: 2F
0-2: Strikes out swinging
Batting: SHB Craig Barnes 0-0: Ball
1-0: Ball
2-0: Ball
3-0: Called Strike
3-1: Called Strike
3-2: Ground out 6-3 (Groundball, 6M)
Top of the 7th over - 0 run(s), 0 hit(s), 0 error(s), 0 left on base; Asheville 2 - Yakima 0
BOTTOM OF THE 7TH
Yakima Hops batting - Pitching for Asheville Highlanders : RHP Santiago Paez
Batting: RHB Júlio Molina 0-0: Ball
1-0: Fly out, F3 (Popup, 3F)
Batting: SHB Esteban Lugo 0-0: Called Strike
0-1: Called Strike
0-2: Strikes out looking
Batting: RHB Edgar García 0-0: Ball
1-0: Ball
2-0: Ground out 1-3 (Groundball, 15)
Bottom of the 7th over - 0 run(s), 0 hit(s), 0 error(s), 0 left on base; Asheville 2 - Yakima 0
TOP OF THE 8TH
Asheville Highlanders batting - Pitching for Yakima Hops : RHP Curt Tate
Batting: RHB Paco Vásquez 0-0: Fly out, F4 (Line Drive, 4)
Batting: RHB Thomas Morris 0-0: Foul Ball, location: 2F
0-1: Swinging Strike
0-2: Strikes out swinging
Batting: RHB Bryce Bancroft 0-0: Called Strike
0-1: DOUBLE (Line Drive, 9LM)
Batting: SHB Gonzalo Valentín 0-0: Ball
1-0: Foul Ball, location: 2F
1-1: Foul Ball, location: 2F
1-2: Ball
2-2: Ground out 4-3 (Groundball, 4M)
Top of the 8th over - 0 run(s), 1 hit(s), 0 error(s), 1 left on base; Asheville 2 - Yakima 0
BOTTOM OF THE 8TH
Yakima Hops batting - Pitching for Asheville Highlanders : RHP Santiago Paez
Batting: RHB Vicente Rodríguez 0-0: Ball
1-0: Foul Ball, location: 2F
1-1: Called Strike
1-2: Foul Ball, location: 2F
1-2: Fly out, F8 (Flyball, 8LM)
Batting: RHB William Miles 0-0: Foul Ball, location: 2F
0-1: Called Strike
0-2: Ball
1-2: Ball
2-2: Fly out, F3 (Popup, 3L)
Batting: RHB Manuel Martínez 0-0: Ball
1-0: Called Strike
1-1: Foul Ball, location: 2F
1-2: Foul Ball, location: 2F
1-2: Strikes out swinging
Bottom of the 8th over - 0 run(s), 0 hit(s), 0 error(s), 0 left on base; Asheville 2 - Yakima 0
TOP OF THE 9TH
Asheville Highlanders batting - Pitching for Yakima Hops : RHP Curt Tate
Pitching: LHP Jim Unknown
Batting: RHB Eduardo Checchinato 0-0: Ball
1-0: Ball
2-0: Called Strike
2-1: Ball
3-1: Foul Ball, location: 2F
3-2: Strikes out swinging
Batting: RHB Víctor López 0-0: Called Strike
0-1: Ball
1-1: Foul Ball, location: 2F
1-2: Foul Ball, location: 2F
1-2: Strikes out swinging
Batting: RHB José Rivera 0-0: Swinging Strike
0-1: Swinging Strike
0-2: Ball
1-2: Ground out 4-3 (Groundball, 34)
Top of the 9th over - 0 run(s), 0 hit(s), 0 error(s), 0 left on base; Asheville 2 - Yakima 0
BOTTOM OF THE 9TH
Yakima Hops batting - Pitching for Asheville Highlanders : RHP Santiago Paez
Batting: RHB Lenny Roper 0-0: Called Strike
0-1: Ball
1-1: Swinging Strike
1-2: Fly out, F9 (Flyball, 89S)
Batting: RHB Abraham Jacobs 0-0: Ball
1-0: Fly out, F3 (Popup, 34S)
Batting: RHB Simon Yusaf Khel 0-0: Ground out 4-3 (Groundball, 4)
Bottom of the 9th over - 0 run(s), 0 hit(s), 0 error(s), 0 left on base; Asheville 2 - Yakima 0
This league is powered by Out of the Park Baseball, the baseball management simulation game for PC, Mac and Linux
Friday, July 8th, 2016 - OOTP Baseball 16.9 Build 39